AoeStats
← Fto

Arabia

509432932Analyzed
1v1 RM · 6d ago on Sep 26, 2026· 73m 41s· 2 players
Game mode
Random Map
Map size
Tiny (2 player)
Population
200
Speed
Normal
Resources
Standard
Victory
Conquest
Starting age
Dark Age
Ending age
Imperial Age
RankedLock teamsTeams togetherTeam positionsShared explorationLock speedFull tech treeHidden civsTurbo modeCheats
Victory
Defeat
🇦🇷 Bengalis · Argentina
1305
+14
🇨🇭 Mongols · Switzerland
1262
-14
Aragorn
6:46 Loom
9:13 Feudal Age
10:24 Man-at-Arms
16:26 Fletching
16:38 Double-Bit Axe
21:53 Castle Age
20:13 Horse Collar
21:09 Gold Mining
22:50 Bodkin Arrow
23:53 Bloodlines
29:48 Scale Barding Armor
30:50 Wheelbarrow
31:07 Gold Shaft Mining
33:17 Forging
35:57 Chain Barding Armor
40:25 Imperial Age
38:39 Husbandry
39:16 Iron Casting
38:21 Light Cavalry
39:17 Thumb Ring
39:14 Padded Archer Armor
40:03 Hand Cart
40:15 Heavy Plow
40:07 Stone Mining
40:34 Bow Saw
41:12 Bracer
43:04 Chemistry
42:26 Leather Archer Armor
42:54 Town Watch
43:40 Conscription
44:17 Elite Mangudai
47:00 Blast Furnace
48:55 Hussar
52:23 Parthian Tactics
52:38 Stone Shaft Mining
53:56 Capped Ram
59:49 Nomads
67:39 Siege Ram
72:06 Scale Mail Armor
73:05 Squires
72:32 Pikeman
Fto
7:01 Loom
9:18 Feudal Age
9:50 Double-Bit Axe
10:40 Horse Collar
16:56 Scale Barding Armor
22:26 Castle Age
21:11 Forging
21:03 Fletching
22:34 Elite Skirmisher
23:39 Bodkin Arrow
24:40 Light Cavalry
25:36 Padded Archer Armor
29:37 Sanctity
29:27 Fervor
29:32 Bow Saw
31:14 Chain Barding Armor
31:27 Gold Mining
32:14 Heavy Plow
33:01 Bloodlines
32:51 Husbandry
35:07 Wheelbarrow
39:07 Hand Cart
39:37 Town Watch
43:41 Imperial Age
41:35 Ballistics
42:00 Forging
42:53 Paiks
43:17 Stone Mining
44:03 Gold Shaft Mining
44:43 Iron Casting
45:13 Conscription
45:31 Elite Battle Elephant
46:51 Plate Barding Armor
47:09 Block Printing
47:30 Theocracy
48:10 Mahayana
50:06 Blast Furnace
50:08 Siege Engineers
51:04 Chemistry
50:45 Redemption
51:25 Masonry
51:22 Bracer
60:11 Leather Archer Armor
60:04 Elite Ratha (Ranged)
62:24 Ring Archer Armor
63:51 Architecture
73:22 Town Patrol
Connection lost

Rejoining the realm…

Still unreachable

The connection could not be restored.

Session expired

The server has moved on; the page needs a fresh start.